Map: 2000 Atmospheres LE

Players

Pumba - Winner!

  • Race: Protoss Protoss
  • League: Silver
  • Spawn Location: 3:00

pewpew

  • Race: Terran Terran
  • League: Bronze
  • Spawn Location: 7:00

VOD

Have the link to the VOD?

Description

Time

  • Played on: Jan. 25, 2022, 8:08 p.m.
  • Length: 11:20
Show
View Real Time Build Order
Export as new Build Order

Pumba Protoss - Winner!

Build Orders: 1 Gate Expand, Colossus Rush 

Get SALT Encoding   

  12  0:00  Probe  
  13  0:12  Probe  
  14  0:19  Pylon  
  14  0:24  Probe  
  15  0:38  Gateway  
  15  0:47  Probe (Chrono Boost)  
  16  0:50  Assimilator  
  16  0:56  Probe (Chrono Boost)  
  17  1:01  Probe (Chrono Boost)  
  18  1:13  Probe  
  19  1:25  Probe  
  20  1:32  Nexus  
  20  1:37  Cybernetics Core  
  20  1:38  Probe  
  21  1:50  Probe  
  21  1:52  Assimilator  
  22  1:55  Pylon  
  22  2:02  Probe  
  22  2:06  Warp Gate  
  23  2:12  Stalker (Chrono Boost)  
  23  2:14  Probe  
  26  2:26  Probe  
  27  2:37  Robotics Facility  
  27  2:39  Probe (Chrono Boost)  
  27  2:41  Stalker  
  30  2:48  Probe (Chrono Boost)  
  32  2:56  Probe (Chrono Boost)  
  32  2:57  Probe (Chrono Boost)  
  33  3:02  Probe (Chrono Boost)  
  33  3:03  Probe (Chrono Boost)  
  35  3:06  Gateway  
  35  3:07  Gateway  
  35  3:11  Pylon  
  35  3:14  Probe (Chrono Boost)  
  37  3:20  Probe (Chrono Boost)  
  37  3:25  Probe (Chrono Boost)  
  37  3:26  Pylon  
  38  3:29  Probe (Chrono Boost)  
  38  3:30  Observer, Probe (Chrono Boost)  
  41  3:39  Probe  
  42  3:46  Assimilator  
  42  3:48  Assimilator  
  42  3:51  Probe  
  47  3:55  Immortal  
  47  3:58  Stalker  
  47  4:01  Stalker  
  47  4:02  Stalker  
  53  4:03  Probe  
  53  4:06  Probe  
  55  4:16  Robotics Bay  
  55  4:41  Sentry x3  
  55  4:42  Probe  
  55  4:45  Pylon  
  62  4:47  Pylon  
  62  4:50  Pylon  
  62  5:00  Colossus (Chrono Boost)  
  62  5:03  Probe x2  
  70  5:15  Sentry, Probe  
  70  5:16  Sentry  
  70  5:19  Probe  
  76  5:22  Pylon  
  76  5:24  Pylon  
  76  5:25  Pylon  
  76  5:29  Sentry  
  78  5:36  Colossus (Chrono Boost)  
  78  5:48  Gateway  
  84  5:50  Gateway  
  84  5:52  Gateway  
  84  5:55  Gateway  
  84  5:57  Gateway  
  84  6:03  Extended Thermal Lance (Chrono Boost)  
  84  6:11  Observer  
  84  6:14  Stalker x3  
  84  6:18  Warp Prism (Chrono Boost)  
  90  6:22  Pylon  
  90  6:25  Pylon  
  92  6:27  Pylon  
  92  6:35  Observer  
  92  6:40  Stalker x3  
  98  6:47  Pylon  
  98  6:48  Pylon  
  98  6:50  Pylon  
  98  7:15  Stalker x2  
  98  7:16  Stalker x6  
  114  7:46  Zealot x6  
  114  7:47  Zealot x2  
  108  8:20  Stalker x8  
  124  9:36  Observer  
  124  10:02  Sentry  
  124  10:03  Sentry x5  
  124  10:04  Sentry x2  
  124  10:45  Sentry x2  
  124  10:46  Sentry x6  
Show
View Real Time Build Order
Export as new Build Order

pewpew Terran 

Build Orders: 2 Factory 

Get SALT Encoding   

  12  0:01  SCV  
  13  0:15  Supply Depot  
  13  0:18  SCV  
  14  0:31  SCV  
  15  0:38  Barracks  
  15  0:43  SCV  
  15  0:46  Refinery  
  16  0:55  SCV  
  17  1:07  SCV  
  18  1:26  Orbital Command  
  18  1:28  Marine  
  19  1:41  Supply Depot  
  19  1:52  SCV  
  20  1:59  Command Center  
  20  2:10  Marine  
  20  2:15  SCV  
  22  2:21  Supply Depot  
  22  2:27  SCV  
  22  2:28  Marine  
  24  2:37  Refinery  
  24  2:39  SCV  
  25  2:45  Supply Depot  
  25  2:46  Marine  
  26  2:51  SCV  
  27  3:04  SCV  
  28  3:11  Orbital Command  
  28  3:15  Marine  
  28  3:16  SCV  
  30  3:20  Factory  
  30  3:25  Factory  
  30  3:28  SCV  
  30  3:32  Marine  
  32  3:40  SCV  
  33  3:50  Marine  
  33  3:52  Bunker, SCV  
  35  3:59  Engineering Bay  
  35  4:08  Hellion  
  35  4:09  Factory Reactor  
  37  4:12  Factory Tech Lab  
  37  4:17  Armory  
  37  4:45  Siege Tank, Starport  
  40  4:50  Factory Tech Lab  
  40  4:51  SCV  
  40  4:52  SCV  
  42  4:55  Refinery  
  42  4:56  Refinery  
  42  5:03  SCV  
  42  5:04  SCV  
  44  5:11  Barracks  
  44  5:15  SCV  
  44  5:16  Supply Depot, SCV  
  44  5:17  Siege Tank  
  44  5:19  Hi-Sec Auto Tracking  
  49  5:27  SCV  
  49  5:28  SCV  
  51  5:29  Cyclone  
  51  5:32  Starport Tech Lab  
  54  5:39  Supply Depot, SCV  
  54  5:40  SCV  
  56  5:52  SCV x2  
  58  6:02  Supply Depot  
  58  6:04  SCV x2  
  60  6:12  Thor  
  60  6:15  Marine  
  60  6:16  SCV x2  
  60  6:18  Widow Mine  
  71  6:28  Liberator, SCV x2  
  71  6:32  Marine  
  76  6:39  Widow Mine  
  79  6:40  SCV  
  80  6:50  Marine  
  81  6:56  Widow Mine  
  81  7:00  Cyclone  
  86  7:05  Terran Vehicle Weapons Level 1  
  86  7:15  Ghost Academy  
  86  7:21  Supply Depot  
  86  7:24  Supply Depot  
  86  7:35  Widow Mine  
  86  7:37  Marine  
  86  7:38  Widow Mine  
  86  7:43  Supply Depot  
  85  7:47  Supply Depot  
  85  7:54  Marine  
  85  7:57  Widow Mine  
  87  7:59  Widow Mine  
  69  8:07  Supply Depot  
  69  8:10  Supply Depot  
  46  8:18  Widow Mine  
  37  8:21  Widow Mine  
Tags
 
Add a new tag
Caveats
  • Supply blocks, unpowered buildings, or Contaminate may cause inaccurate times.
  • Supply counts are checked every 10 seconds.